 Dungeon Crawl Stone Soup version 0.19.5 (webtiles) character file.

30 sveltemanboy the Skirmisher (level 3, 0/29 HPs)
             Began as a Demonspawn Monk on Apr 17, 2017.
             Slain by a gnoll
             ... wielding a +0 flail
              (8 damage)
             ... on level 2 of the Dungeon.
             The game lasted 00:01:30 (533 turns).

sveltemanboy the Skirmisher (Demonspawn Monk)        Turns: 533, Time: 00:01:31

Health: 0/29       AC:  6    Str: 12    XL:     3   Next: 5%
Magic:  3/3        EV: 10    Int: 11    God:
Gold:   64         SH:  0    Dex: 15    Spells: 0 memorised, 2 levels left

rFire  . . .     SeeInvis .     a - +0 spear
rCold  . . .     Gourm    .     f - +0 scale mail (curse)
rNeg   . . .     Faith    .     (no shield)
rPois  .         Spirit   .     (no helmet)
rElec  .         Reflect  .     (no cloak)
rCorr  .         Harm     .     (no gloves)
MR     .....                    (no boots)
Stlth  +.........               (no amulet)
                                (no ring)
                                (no ring)

@: flying
A: hooves 1, spiny 1, wild magic 1
a: no special abilities


You were on level 2 of the Dungeon.
You were not hungry.

You visited 1 branch of the dungeon, and saw 2 of its levels.

You collected 64 gold pieces.

Inventory:

Hand Weapons
 a - a +0 spear (weapon)
Armour
 f - a cursed +0 scale mail (worn)
Scrolls
 b - a scroll of noise {unknown}
 d - a scroll of remove curse {unknown}
 e - 2 scrolls of identify {unknown}
 m - a scroll of recharging {unknown}
Potions
 i - a potion of heal wounds {unknown}
 j - a potion of magic {unknown}
 k - a potion of degeneration {unknown}
Comestibles
 c - a bread ration
 l - a chunk of flesh


   Skills:
 + Level 3.4 Fighting
 - Level 2.6 Polearms
 + Level 1.2 Armour
 + Level 3.1 Dodging
 - Level 1.7 Stealth


You had 2 spell levels left.
You didn't know any spells.

Dungeon Overview and Level Annotations

Branches:
Dungeon (2/15)

Altars:


Innate Abilities, Weirdness & Mutations

You have large cloven feet.
You are partially covered in sharp spines.
Your spells are a little harder to cast, but a little more powerful.


Message History

The gnoll is moderately wounded.
You barely miss the gnoll. You kick the gnoll, but do no damage.
The gnoll is moderately wounded.
The gnoll is struck by your spines. The gnoll hits you with a flail.
You completely miss the gnoll.
The gnoll is moderately wounded.
The gnoll is struck by your spines. The gnoll hits you with a flail.
* * * LOW HITPOINT WARNING * * *
You are too injured to fight recklessly!
You are too injured to fight recklessly!
You are too injured to fight recklessly!
Unknown command.
It was a potion of beneficial mutation.
You feel less in control of your magic.
You feel fantastic!
It was a potion of flight.
You feel very buoyant.
You fly up into the air.
The gnoll is struck by your spines. The gnoll hits you with a flail!
You die...

##............ ####
................ #...#
... #........... ....#
... #..........) .
...###.# #...........
..####.#.#.# #..w........
........#.# ###g##...##+
.###....>#.# #g# ...#
........(..#####@##...#
........................
......<..#######.##...##.
.......#.# #.# ..#
########.# ... .# ..#
.... # ... ..... ....
##+#### ...


You could see a worm and 2 gnolls.

Vanquished Creatures
  A gnoll (D:2)
  A dart slug (D:1)
  A ball python (D:1)
  2 bats
  2 giant cockroaches (D:1)
  2 goblins (D:1)
  A hobgoblin (D:1)
  2 kobolds (D:1)
  2 frilled lizards (D:1)
  3 rats
17 creatures vanquished.

Notes
Turn   | Place    | Note
-------+----------+-------------------------------------------
     0 | D:1      | sveltemanboy the Demonspawn Monk began the quest for the Orb.
     0 | D:1      | Reached XP level 1. HP: 18/18 MP: 1/1
    11 | D:1      | Noticed a centaur
   129 | D:1      | Gained mutation: You are partially covered in sharp spines. [demonic ancestry]
   129 | D:1      | Reached XP level 2. HP: 20/24 MP: 2/2
   240 | D:1      | Reached skill level 1 in Armour
   528 | D:2      | Gained mutation: You have large cloven feet. [demonic ancestry]
   528 | D:2      | Reached XP level 3. HP: 14/29 MP: 3/3
   532 | D:2      | Gained mutation: Your spells are a little harder to cast, but a little more powerful. [potion of beneficial mutation]
   533 | D:2      | Slain by a gnoll

Skill      XL: |  1  2 |
---------------+-------+-----
Armour         | 1 |  1.2
Dodging        | 3 |  3.1
Fighting       | |  3.4
Polearms       | |  2.6
Stealth        | |  1.7

Action                   || total
-------------------------++-------
Melee: Spear             ||    73
       Kick              ||     1
  Use: Potion            ||     2
Armor: Robe              ||     9
       Scale mail        ||     6
Dodge: Dodged            ||    38
